 Dungeon Crawl Stone Soup version 0.29.0-4-gdea44cf6ec (webtiles) character file.

Game seed: 7998377233141055610

10351 qw the Grappler (level 11, -7/102 HPs)
             Began as a Troll Cinder Acolyte on Sept 2, 2022.
             Was a Follower of Ignis.
             Mangled by a minotaur
             ... wielding the +8 quarterstaff of the Revolution {vamp, rC+ Str-4 Stlth+}
              (14 damage)
             ... in a Gauntlet.
             The game lasted 00:06:04 (8814 turns).

qw the Grappler (Troll Cinder Acolyte)              Turns: 8814, Time: 00:06:04

Health: -7/102     AC: 18    Str: 28    XL:     11   Next: 35%
Magic:  11/11      EV:  8    Int: 10    God:    Ignis [*.....]
Gold:   733        SH: 14    Dex:  5    Spells: 12/12 levels left

rFire   + . .      SeeInvis .     - Unarmed
rCold   . . .      Faith    .   k - +0 kite shield
rNeg    . . .      Spirit   .   i - +0 robe {Will+}
rPois   .          Reflect  +   (helmet restricted)
rElec   .          Harm     .   b - +2 cloak
rCorr   .          Rampage  .   (gloves unavailable)
Will    +....      NoTele   +   (boots unavailable)
Stlth   +.........              l - amulet of reflection
HPRegen 1.07/turn               a - +4 ring of protection
MPRegen 0.12/turn               (no ring)

@: fiery-armoured
A: large, unfitting armour, claws 3, regeneration 1, shaggy fur 1, tough skin 1
a: Renounce Religion, Fiery Armour, Foxfire Swarm, Rising Flame


You were in a Gauntlet.
You worshipped Ignis.
Ignis was aware of your devotion.
You visited 2 branches of the dungeon, and saw 9 of its levels.
You also visited: Gauntlet.

You collected 733 gold pieces.


Innate Abilities, Weirdness & Mutations

You are too large for most types of armour.
You have claws for hands.
Your natural rate of healing is unusually fast.
You are covered in fur. (AC +1)
You have tough skin. (AC +1)


   Skills:
 - Level 5.1 Fighting
 - Level 5.0 Throwing
 + Level 0.0 Armour
 - Level 1.1 Dodging
 - Level 9.1 Shields
 - Level 13.0 Unarmed Combat
 - Level 1.0 Spellcasting
 - Level 2.1 Fire Magic


You had 12 spell levels left.
You didn't know any spells.
Your spell library contained the following spells:

 Spells                   Type           Power      Damage    Failure   Level
 Scorch                   Fire           8%         2d5       38%         2

Inventory:

Missiles
 d - 5 large rocks (quivered)
 m - 3 boomerangs
Armour
 b - a +2 cloak (worn)
 i - a +0 robe of willpower (worn)
 k - a +0 kite shield (worn)
Jewellery
 a - a +4 ring of protection (left claw)
 l - an amulet of reflection (around neck)
Scrolls
 c - 2 scrolls of identify
 h - 2 scrolls of teleportation
 p - a scroll of enchant weapon
 q - a scroll of brand weapon
Potions
 e - a potion of cancellation
 f - a potion of resistance
 g - 2 potions of curing
 j - a potion of might
 n - a potion of mutation
 o - a potion of haste

Dungeon Overview and Level Annotations

Branches:
Dungeon (8/15)             Temple (0/1) D:7            Lair (1/5) D:8
Gauntlet (1/1)

Altars:
Nemelex Xobeh
Okawaru
Sif Muna
Vehumet
Xom
Zin

Shops:
D:1 =

Annotations:
D:7 1 runed translucent door, Crazy Yiuf
D:8 4 transporters Gauntlet 6 transporters, 21 runed translucent doors


Message History

A minotaur is nearby!
You scratch the minotaur.
The minotaur is heavily wounded.
The minotaur drinks a potion.
The minotaur seems to grow stronger.
You barely miss the minotaur.
The minotaur furiously retaliates!
The minotaur headbutts you.
The minotaur is heavily wounded.
The minotaur closely misses you. The minotaur gores you!
The minotaur is burned by your cloak of flames.
The minotaur is heavily wounded.
You scratch the minotaur but do no damage.
The minotaur is heavily wounded.
You block the minotaur's attack. The minotaur gores you!
You scratch the minotaur but do no damage.
The minotaur is heavily wounded.
You block the minotaur's attack. The minotaur gores you!!
You claw the minotaur!
The minotaur is severely wounded.
The minotaur hits you with the +8 quarterstaff of the Revolution {vamp, rC+ Str-4 Stlth+}!!
The minotaur draws strength from your wounds!
The minotaur gores you.
The minotaur is burned by your cloak of flames.
The minotaur is heavily wounded.
8810 ||| DRINKING potion of heal wounds.
You feel much better. The minotaur barely misses you. The minotaur gores you!!
You claw the minotaur!
The minotaur is severely wounded.
The minotaur hits you with the +8 quarterstaff of the Revolution {vamp, rC+ Str-4 Stlth+}!
The minotaur draws strength from your wounds!
The minotaur gores you but does no damage.
You scratch the minotaur but do no damage.
The minotaur is heavily wounded.
You block the minotaur's attack. x2
You scratch the minotaur.
The minotaur is heavily wounded.
You mangle the minotaur!!
The minotaur is almost dead.
The minotaur barely misses you. The minotaur gores you!
You die...

### ~~~ ~\ ..
###( ...
######H#######
.......@.....#
.###.###.###.#
#.###.###.###.#
#.............#
###.###.###.###
###.###.###.#####
...............~#
.8.8..^.^..8.8.8#
###
...............~#
#8#


You could see a minotaur (strong).

Vanquished Creatures
  A hydra (Lair:1)
  A black mamba (Lair:1)
  An efreet (Gauntlet)
  2 komodo dragons
  2 cane toads (Lair:1)
  A hornet (D:8)
  6 blink frogs (Lair:1)
  5 flying skulls (Gauntlet)
  A fire elemental (Gauntlet)
  A wyvern (Lair:1)
  A basilisk (Lair:1)
  2 large abominations (Gauntlet)
  An acid dragon (D:8)
  2 hell hounds (Gauntlet)
  6 water moccasins
  2 ice beasts
  2 sky beasts (D:7)
  2 orc warriors (D:8)
  5 small abominations (Gauntlet)
  A black bear (D:5)
  An ogre (D:4)
  A centaur (D:7)
  A phantom (D:4)
  8 bullfrogs
  3 kobold brigands
  A gnoll sergeant (D:6)
  2 necrophages
  4 scorpions
  10 killer bees (D:8)
  A howler monkey (D:3)
  5 hounds
  3 jellies
  3 orc priests
  2 gnoll boudas
  3 iguanas
  6 orc wizards
  6 adders
  23 gnolls
  A white imp (D:7)
  2 ufetubi (D:6)
  2 worms (D:3)
  A dart slug (D:3)
  41 orcs
  6 bats
  9 endoplasms
  A giant cockroach (D:2)
  16 goblins
  6 hobgoblins
  19 jackals
  10 kobolds
  4 quokkas
  4 ball pythons
  A frilled lizard (D:1)
  5 rats
256 creatures vanquished.

Vanquished Creatures (others)
  6 fungi (D:8)
  21 plants
27 creatures vanquished.

Grand Total: 283 creatures vanquished

Notes
Turn   | Place    | Note
-------+----------+-------------------------------------------
     0 | D:1      | qw the Troll Cinder Acolyte began the quest for the Orb.
     0 | D:1      | Reached XP level 1. HP: 22/22 MP: 1/1
     0 | D:1      | 0 ||| qw: Version: 0.1-a-97-g2dd2ca4
     0 | D:1      | 0 ||| qw: Game counter: 4949
     0 | D:1      | 0 ||| qw: Always use a shield: true
     0 | D:1      | 0 ||| qw: God list: Okawaru
     0 | D:1      | 0 ||| qw: Allow faded altars: false
     0 | D:1      | 0 ||| qw: Do Orc after D:15 true
     0 | D:1      | 0 ||| qw: Do second Lair branch before Depths: true
     0 | D:1      | 0 ||| qw: Lair rune preference: random
     0 | D:1      | 0 ||| qw: Plans: Normal
     0 | D:1      | 0 ||| PLANNING D:1-11
   223 | D:1      | Reached XP level 2. HP: 29/29 MP: 2/2
   252 | D:1      | Found Cuecow's Jewellery Shoppe.
   258 | D:1      | 258 ||| SHOPLISTING +4 ring of evasion (432 gold, have 37).
   258 | D:1      | 258 ||| SHOPLISTING amulet of reflection (360 gold, have
                  | 37).
   258 | D:1      | 258 ||| SHOPLISTING amulet of the acrobat (360 gold, have
                  | 37).
   258 | D:1      | 258 ||| SHOPLISTING ring of positive energy (240 gold, have
                  | 37).
   734 | D:1      | 734 ||| DROPPING +6 ring of intelligence.
   735 | D:1      | 735 ||| READING 4 scrolls labelled DAGINUDGHEY.
   736 | D:1      | 736 ||| READING scroll labelled LUMOQI XASUI.
   737 | D:1      | 737 ||| READING scroll labelled KEZIMP ZOIL.
   738 | D:1      | 738 ||| READING scroll labelled FAGOKH QIFAOBI.
   739 | D:1      | 739 ||| READING scroll labelled QIEWKY FUSEIBBOU.
   740 | D:1      | 740 ||| DRINKING 2 fizzy silvery potions.
   741 | D:1      | 741 ||| DROPPING potion of brilliance.
   742 | D:1      | 742 ||| DROPPING 3 scrolls of vulnerability.
   811 | D:2      | Reached skill level 4 in Unarmed Combat
   917 | D:2      | Found a faded altar of an unknown god.
   949 | D:2      | Reached XP level 3. HP: 35/36 MP: 3/3
   984 | D:2      | 984 ||| Stepping ~*~*~tactically~*~*~ (outnumbered).
  1183 | D:2      | 1183 ||| UPGRADING to +0 cloak.
  1188 | D:2      | 1188 ||| READING scroll labelled KIAW TIENAEFODD.
  1193 | D:2      | 1193 ||| READING scroll labelled MIHOERCH XOOSS.
  1194 | D:2      | 1194 ||| READING 4 scrolls labelled PIAQAI TAN TEI.
  1195 | D:2      | 1195 ||| Stepping randomly (stuck).
  1196 | D:2      | 1196 ||| Stepping ~*~*~tactically~*~*~ (cloud).
  1342 | D:3      | 1342 ||| Stepping ~*~*~tactically~*~*~ (stealth).
  1446 | D:3      | 1446 ||| Stepping ~*~*~tactically~*~*~ (stealth).
  1448 | D:3      | Found an iron altar of Okawaru.
  1507 | D:3      | Reached XP level 4. HP: 44/44 MP: 4/4
  1514 | D:3      | 1514 ||| Stepping ~*~*~tactically~*~*~ (stealth).
  1524 | D:3      | 1524 ||| INVOKING Fiery Armour.
  1528 | D:3      | Reached skill level 5 in Unarmed Combat
  1537 | D:3      | 1537 ||| FLEEEEING.
  1538 | D:3      | 1538 ||| FLEEEEING.
  1742 | D:3      | Noticed a kobold brigand
  1750 | D:3      | 1750 ||| INVOKING Fiery Armour.
  1752 | D:3      | Killed a kobold brigand
  1753 | D:3      | Reached skill level 6 in Unarmed Combat
  1753 | D:3      | Reached XP level 5. HP: 50/50 MP: 5/5
  1783 | D:3      | 1783 ||| Stepping ~*~*~tactically~*~*~ (stealth).
  1786 | D:3      | 1786 ||| FLEEEEING.
  1787 | D:3      | 1787 ||| FLEEEEING.
  1793 | D:3      | 1793 ||| Stepping ~*~*~tactically~*~*~ (outnumbered).
  1806 | D:3      | 1806 ||| Stepping ~*~*~tactically~*~*~ (stealth).
  1880 | D:3      | Reached XP level 6. HP: 53/59 MP: 6/6
  1947 | D:3      | Reached skill level 7 in Unarmed Combat
  1992 | D:3      | Noticed an ice beast
  2000 | D:3      | Killed an ice beast
  2067 | D:3      | 2067 ||| Stepping ~*~*~tactically~*~*~ (outnumbered).
  2068 | D:3      | 2068 ||| Stepping ~*~*~tactically~*~*~ (outnumbered).
  2069 | D:3      | 2069 ||| Stepping ~*~*~tactically~*~*~ (outnumbered).
  2070 | D:3      | 2070 ||| Stepping ~*~*~tactically~*~*~ (outnumbered).
  2071 | D:3      | 2071 ||| Stepping ~*~*~tactically~*~*~ (outnumbered).
  2074 | D:3      | 2074 ||| Stepping ~*~*~tactically~*~*~ (outnumbered).
  2225 | D:3      | 2225 ||| Stepping ~*~*~tactically~*~*~ (stealth).
  2333 | D:3      | 2333 ||| INVOKING Fiery Armour.
  2473 | D:3      | Reached skill level 8 in Unarmed Combat
  2508 | D:3      | 2508 ||| UPGRADING to +0 robe of willpower.
  2518 | D:3      | 2518 ||| DROPPING +0 robe.
  2519 | D:3      | 2519 ||| UPGRADING to +0 kite shield.
  2524 | D:3      | 2524 ||| UPGRADING to amulet of reflection.
  2529 | D:3      | 2529 ||| READING scroll labelled XIUXZI ASYTON.
  2530 | D:3      | 2530 ||| READING scroll labelled QADOKU XORAICO.
  2531 | D:3      | 2531 ||| READING scroll labelled PAJAD TELY.
  2559 | D:3      | 2559 ||| DRINKING 2 golden potions.
  2560 | D:3      | 2560 ||| READING 3 scrolls of identify.
  2560 | D:3      | 2560 ||| IDENTIFYING metallic ruby potion
  2561 | D:3      | 2561 ||| DROPPING potion of attraction.
  2746 | D:4      | Reached XP level 7. HP: 66/66 MP: 7/7
  2866 | D:4      | Reached skill level 1 in Shields
  2868 | D:4      | 2868 ||| Stepping ~*~*~tactically~*~*~ (stealth).
  3004 | D:4      | 3004 ||| INVOKING Fiery Armour.
  3019 | D:4      | Reached skill level 3 in Shields
  3151 | D:4      | 3151 ||| READING scroll of enchant armour.
  3151 | D:4      | 3151 ||| ENCHANTING +0 cloak.
  3219 | D:4      | Reached skill level 1 in Throwing
  3536 | D:4      | 3536 ||| UPGRADING to +4 ring of protection.
  3537 | D:4      | 3537 ||| DRINKING 2 emerald potions.
  3557 | D:5      | Entered Level 5 of the Dungeon
  3623 | D:5      | Found the +1 Delatra's gloves {ID++}
  3726 | D:5      | Reached XP level 8. HP: 74/74 MP: 8/8
  3860 | D:5      | 3860 ||| Stepping ~*~*~tactically~*~*~ (stealth).
  3867 | D:5      | 3867 ||| Stepping ~*~*~tactically~*~*~ (stealth).
  3877 | D:5      | 3877 ||| Stepping ~*~*~tactically~*~*~ (stealth).
  4264 | D:5      | Reached skill level 6 in Shields
  4326 | D:5      | 4326 ||| READING scroll labelled HAIKHL POHEAG.
  4327 | D:5      | 4327 ||| DRINKING 2 fuming dark potions.
  4328 | D:5      | 4328 ||| DROPPING potion of magic.
  4434 | D:6      | Reached skill level 3 in Fighting
  4457 | D:6      | Reached skill level 3 in Throwing
  4489 | D:6      | 4489 ||| Stepping ~*~*~tactically~*~*~ (hiding).
  4751 | D:6      | 4751 ||| Stepping ~*~*~tactically~*~*~ (stealth).
  4754 | D:6      | Reached skill level 9 in Unarmed Combat
  4754 | D:6      | Reached XP level 9. HP: 81/81 MP: 9/9
  5103 | D:6      | 5103 ||| READING scroll labelled SUPINKE PUWASCH.
  5204 | D:6      | 5204 ||| READING scroll labelled FECEIV QAE.
  5205 | D:6      | 5205 ||| READING 7 scrolls of identify.
  5205 | D:6      | 5205 ||| IDENTIFYING fizzy sapphire potion
  5206 | D:6      | 5206 ||| READING 6 scrolls of identify.
  5206 | D:6      | 5206 ||| IDENTIFYING bubbling orange potion
  5207 | D:6      | 5207 ||| READING 5 scrolls of identify.
  5207 | D:6      | 5207 ||| IDENTIFYING cyan potion
  5208 | D:6      | 5208 ||| DROPPING potion of lignification.
  5239 | D:7      | 5239 ||| Stepping ~*~*~tactically~*~*~ (outnumbered).
  5241 | D:7      | 5241 ||| Stepping ~*~*~tactically~*~*~ (outnumbered).
  5252 | D:7      | Found a shimmering blue altar of Sif Muna.
  5263 | D:7      | Reached skill level 1 in Dodging
  5434 | D:7      | 5434 ||| READING scroll of enchant armour.
  5434 | D:7      | 5434 ||| ENCHANTING +1 cloak.
  5646 | D:7      | Found a staircase to the Ecumenical Temple.
  5806 | D:7      | 5806 ||| Stepping ~*~*~tactically~*~*~ (hiding).
  5880 | D:7      | Found a runed translucent door.
  5881 | D:7      | Noticed Crazy Yiuf
  6043 | D:7      | 6043 ||| Stepping ~*~*~tactically~*~*~ (hiding).
  6057 | D:7      | 6057 ||| Stepping ~*~*~tactically~*~*~ (stealth).
  6060 | D:7      | Reached skill level 10 in Unarmed Combat
  6061 | D:7      | 6061 ||| Stepping ~*~*~tactically~*~*~ (hiding).
  6073 | D:7      | 6073 ||| Stepping ~*~*~tactically~*~*~ (stealth).
  6300 | D:7      | 6300 ||| READING 6 scrolls of identify.
  6300 | D:7      | 6300 ||| IDENTIFYING viscous blue potion
  6301 | D:7      | 6301 ||| DROPPING potion of degeneration.
  6348 | D:8      | 6348 ||| Stepping ~*~*~tactically~*~*~ (stealth).
  6354 | D:8      | 6354 ||| Stepping ~*~*~tactically~*~*~ (hiding).
  6402 | D:8      | 6402 ||| Stepping ~*~*~tactically~*~*~ (outnumbered).
  6403 | D:8      | 6403 ||| Stepping ~*~*~tactically~*~*~ (outnumbered).
  6416 | D:8      | 6416 ||| INVOKING Fiery Armour.
  6567 | D:8      | Noticed a komodo dragon
  6568 | D:8      | 6568 ||| Stepping ~*~*~tactically~*~*~ (stealth).
  6570 | D:8      | 6570 ||| Stepping ~*~*~tactically~*~*~ (stealth).
  6581 | D:8      | 6581 ||| Stepping ~*~*~tactically~*~*~ (stealth).
  6622 | D:8      | 6622 ||| Stepping ~*~*~tactically~*~*~ (stealth).
  6624 | D:8      | 6624 ||| Stepping ~*~*~tactically~*~*~ (stealth).
  6626 | D:8      | 6626 ||| Stepping ~*~*~tactically~*~*~ (stealth).
  6670 | D:8      | Killed a komodo dragon
  6706 | D:8      | 6706 ||| Stepping ~*~*~tactically~*~*~ (stealth).
  6707 | D:8      | 6707 ||| Stepping ~*~*~tactically~*~*~ (stealth).
  6708 | D:8      | 6708 ||| Stepping ~*~*~tactically~*~*~ (stealth).
  6709 | D:8      | 6709 ||| Stepping ~*~*~tactically~*~*~ (stealth).
  6713 | D:8      | 6713 ||| Stepping ~*~*~tactically~*~*~ (outnumbered).
  6732 | D:8      | 6732 ||| INVOKING Fiery Armour.
  6738 | D:8      | 6738 ||| Stepping ~*~*~tactically~*~*~ (outnumbered).
  6740 | D:8      | 6740 ||| Stepping ~*~*~tactically~*~*~ (outnumbered).
  6743 | D:8      | 6743 ||| Stepping ~*~*~tactically~*~*~ (outnumbered).
  6745 | D:8      | 6745 ||| Stepping ~*~*~tactically~*~*~ (outnumbered).
  6746 | D:8      | 6746 ||| Stepping ~*~*~tactically~*~*~ (outnumbered).
  6747 | D:8      | 6747 ||| Stepping ~*~*~tactically~*~*~ (outnumbered).
  6749 | D:8      | 6749 ||| Stepping ~*~*~tactically~*~*~ (outnumbered).
  6754 | D:8      | 6754 ||| Stepping ~*~*~tactically~*~*~ (outnumbered).
  6756 | D:8      | 6756 ||| Stepping ~*~*~tactically~*~*~ (outnumbered).
  6757 | D:8      | 6757 ||| Stepping ~*~*~tactically~*~*~ (outnumbered).
  6767 | D:8      | Reached XP level 10. HP: 89/93 MP: 10/10
  6900 | D:8      | Found a transporter.
  6980 | D:8      | Paralysed by a hornet for 3 turns
  6985 | D:8      | Paralysed by a hornet for 3 turns
  6988 | D:8      | 6988 ||| INVOKING Fiery Armour.
  6989 | D:8      | HP: 19/93 [hornet (5)]
  6990 | D:8      | 6990 ||| READING 2 scrolls of teleportation.
  6994 | D:8      | HP: 16/93 [poisoned by a hornet]
  7138 | D:8      | Found a staircase to the Lair.
  7143 | D:8      | 7143 ||| Stepping ~*~*~tactically~*~*~ (stealth).
  7144 | D:8      | 7144 ||| Stepping ~*~*~tactically~*~*~ (stealth).
  7166 | D:8      | Found a transporter.
  7184 | D:8      | Found a transporter.
  7257 | D:8      | Found a transporter.
  7290 | D:8      | Found a radiant altar of Vehumet.
  7292 | D:8      | Found a shimmering altar of Xom.
  7292 | D:8      | Found a hide-covered altar of Uskayaw.
  7294 | D:8      | Found a sparkling altar of Nemelex Xobeh.
  7294 | D:8      | Found an iron altar of Okawaru.
  7294 | D:8      | Found a glowing silver altar of Zin.
  7584 | D:8      | 7584 ||| Stepping ~*~*~tactically~*~*~ (outnumbered).
  7585 | D:8      | 7585 ||| Stepping ~*~*~tactically~*~*~ (outnumbered).
  7744 | D:8      | 7744 ||| PLANNING LAIR
  7744 | D:8      | 7744 ||| READING scroll labelled CUUSTR HIHIONO.
  7745 | D:8      | 7745 ||| READING 5 scrolls of identify.
  7745 | D:8      | 7745 ||| IDENTIFYING sedimented purple potion
  7746 | D:8      | 7746 ||| DROPPING potion of ambrosia.
  7798 | Lair:1   | Entered Level 1 of the Lair of Beasts
  7799 | Lair:1   | 7799 ||| PLANNING GAUNTLET
  7832 | Lair:1   | Reached skill level 11 in Unarmed Combat
  7854 | Lair:1   | 7854 ||| INVOKING Fiery Armour.
  7900 | Lair:1   | Noticed an eight-headed hydra
  7900 | Lair:1   | Noticed a cane toad
  7909 | Lair:1   | Killed a cane toad
  7999 | Lair:1   | Noticed a cane toad
  8003 | Lair:1   | Killed a cane toad
  8050 | Lair:1   | 8050 ||| Stepping ~*~*~tactically~*~*~ (stealth).
  8052 | Lair:1   | 8052 ||| Stepping ~*~*~tactically~*~*~ (stealth).
  8053 | Lair:1   | 8053 ||| INVOKING Fiery Armour.
  8057 | Lair:1   | Reached skill level 9 in Shields
  8122 | Lair:1   | Noticed a black mamba
  8124 | Lair:1   | Noticed a six-headed hydra
  8125 | Lair:1   | 8125 ||| Stepping ~*~*~tactically~*~*~ (hiding).
  8133 | Lair:1   | Killed a black mamba
  8137 | Lair:1   | Killed an eight-headed hydra
  8138 | Lair:1   | Reached skill level 12 in Unarmed Combat
  8144 | Lair:1   | Reached XP level 11. HP: 59/101 MP: 11/11
  8192 | Lair:1   | Found a gate leading to a gauntlet.
  8193 | Lair:1   | 8193 ||| READING 5 scrolls of identify.
  8193 | Lair:1   | 8193 ||| IDENTIFYING fizzy grey potion
  8202 | Gauntlet | Entered a Gauntlet
  8202 | Gauntlet | Found a transporter.
  8202 | Gauntlet | Found a transporter.
  8206 | Gauntlet | Found a transporter.
  8206 | Gauntlet | Found a transporter.
  8206 | Gauntlet | Found a transporter.
  8206 | Gauntlet | Found a transporter.
  8208 | Gauntlet | Found a large runed translucent door.
  8209 | Gauntlet | Found a large runed translucent door.
  8210 | Gauntlet | Found a large runed translucent door.
  8210 | Gauntlet | Found a large runed translucent door.
  8210 | Gauntlet | Found a runed translucent door.
  8211 | Gauntlet | Found a large runed translucent door.
  8212 | Gauntlet | Found a large runed translucent door.
  8213 | Gauntlet | Found a large runed translucent door.
  8213 | Gauntlet | Found a large runed translucent door.
  8214 | Gauntlet | Found a runed translucent gate.
  8215 | Gauntlet | Noticed a soul eater
  8216 | Gauntlet | Found a transporter.
  8220 | Gauntlet | Found a transporter.
  8230 | Gauntlet | Found a transporter.
  8267 | Gauntlet | Noticed a large abomination
  8323 | Gauntlet | Found a large runed translucent door.
  8324 | Gauntlet | Found a large runed translucent door.
  8325 | Gauntlet | Found a large runed translucent door.
  8325 | Gauntlet | Found a large runed translucent door.
  8325 | Gauntlet | Found a runed translucent door.
  8326 | Gauntlet | Found a large runed translucent door.
  8327 | Gauntlet | Found a large runed translucent door.
  8328 | Gauntlet | Found a large runed translucent door.
  8328 | Gauntlet | Found a large runed translucent door.
  8329 | Gauntlet | Found a runed translucent gate.
  8329 | Gauntlet | Found a runed translucent gate.
  8331 | Gauntlet | Found a transporter.
  8335 | Gauntlet | Found a transporter.
  8342 | Gauntlet | Noticed a thrashing horror
  8345 | Gauntlet | Found a transporter.
  8405 | Gauntlet | 8405 ||| Stepping ~*~*~tactically~*~*~ (outnumbered).
  8428 | Gauntlet | 8428 ||| INVOKING Fiery Armour.
  8515 | Gauntlet | 8515 ||| READING 4 scrolls of identify.
  8515 | Gauntlet | 8515 ||| IDENTIFYING red potion
  8516 | Gauntlet | 8516 ||| DROPPING potion of flight.
  8522 | Gauntlet | 8522 ||| Stepping randomly (stuck).
  8523 | Gauntlet | 8523 ||| Stepping randomly (stuck).
  8524 | Gauntlet | 8524 ||| Stepping randomly (stuck).
  8525 | Gauntlet | 8525 ||| Stepping randomly (stuck).
  8526 | Gauntlet | 8526 ||| Stepping randomly (stuck).
  8527 | Gauntlet | 8527 ||| Stepping randomly (stuck).
  8528 | Gauntlet | 8528 ||| Stepping randomly (stuck).
  8529 | Gauntlet | 8529 ||| Stepping randomly (stuck).
  8541 | Gauntlet | 8541 ||| Stepping randomly (stuck).
  8543 | Gauntlet | 8543 ||| Stepping randomly (stuck).
  8544 | Gauntlet | 8544 ||| Stepping randomly (stuck).
  8545 | Gauntlet | 8545 ||| Stepping randomly (stuck).
  8546 | Gauntlet | 8546 ||| Stepping randomly (stuck).
  8547 | Gauntlet | 8547 ||| Stepping randomly (stuck).
  8548 | Gauntlet | 8548 ||| Stepping randomly (stuck).
  8549 | Gauntlet | 8549 ||| Stepping randomly (stuck).
  8550 | Gauntlet | 8550 ||| Stepping randomly (stuck).
  8551 | Gauntlet | 8551 ||| Stepping randomly (stuck).
  8552 | Gauntlet | 8552 ||| Stepping randomly (stuck).
  8553 | Gauntlet | 8553 ||| Stepping randomly (stuck).
  8554 | Gauntlet | 8554 ||| Stepping randomly (stuck).
  8555 | Gauntlet | 8555 ||| Stepping randomly (stuck).
  8556 | Gauntlet | 8556 ||| Stepping randomly (stuck).
  8557 | Gauntlet | 8557 ||| Stepping randomly (stuck).
  8558 | Gauntlet | 8558 ||| Stepping randomly (stuck).
  8560 | Gauntlet | 8560 ||| Stepping randomly (stuck).
  8563 | Gauntlet | 8563 ||| Stepping randomly (stuck).
  8567 | Gauntlet | 8567 ||| Stepping randomly (stuck).
  8568 | Gauntlet | 8568 ||| Stepping randomly (stuck).
  8569 | Gauntlet | 8569 ||| Stepping randomly (stuck).
  8570 | Gauntlet | 8570 ||| Stepping randomly (stuck).
  8571 | Gauntlet | 8571 ||| Stepping randomly (stuck).
  8575 | Gauntlet | 8575 ||| Stepping randomly (stuck).
  8576 | Gauntlet | 8576 ||| Stepping randomly (stuck).
  8577 | Gauntlet | 8577 ||| Stepping randomly (stuck).
  8578 | Gauntlet | 8578 ||| Stepping randomly (stuck).
  8579 | Gauntlet | 8579 ||| Stepping randomly (stuck).
  8580 | Gauntlet | 8580 ||| Stepping randomly (stuck).
  8581 | Gauntlet | 8581 ||| Stepping randomly (stuck).
  8582 | Gauntlet | 8582 ||| Stepping randomly (stuck).
  8583 | Gauntlet | 8583 ||| Stepping randomly (stuck).
  8584 | Gauntlet | 8584 ||| Stepping randomly (stuck).
  8586 | Gauntlet | 8586 ||| Stepping randomly (stuck).
  8587 | Gauntlet | 8587 ||| Stepping randomly (stuck).
  8588 | Gauntlet | 8588 ||| Stepping randomly (stuck).
  8590 | Gauntlet | 8590 ||| Stepping randomly (stuck).
  8592 | Gauntlet | 8592 ||| Stepping randomly (stuck).
  8594 | Gauntlet | 8594 ||| Stepping randomly (stuck).
  8596 | Gauntlet | 8596 ||| Stepping randomly (stuck).
  8598 | Gauntlet | 8598 ||| Stepping randomly (stuck).
  8600 | Gauntlet | 8600 ||| Stepping randomly (stuck).
  8602 | Gauntlet | 8602 ||| Stepping randomly (stuck).
  8603 | Gauntlet | 8603 ||| Stepping randomly (stuck).
  8604 | Gauntlet | 8604 ||| Stepping randomly (stuck).
  8606 | Gauntlet | 8606 ||| Stepping randomly (stuck).
  8608 | Gauntlet | 8608 ||| Stepping randomly (stuck).
  8610 | Gauntlet | 8610 ||| Stepping randomly (stuck).
  8612 | Gauntlet | 8612 ||| Stepping randomly (stuck).
  8614 | Gauntlet | 8614 ||| Stepping randomly (stuck).
  8615 | Gauntlet | 8615 ||| Stepping randomly (stuck).
  8616 | Gauntlet | 8616 ||| Stepping randomly (stuck).
  8618 | Gauntlet | 8618 ||| Stepping ~*~*~tactically~*~*~ (stealth).
  8619 | Gauntlet | 8619 ||| Stepping randomly (stuck).
  8634 | Gauntlet | Killed a large abomination
  8748 | Gauntlet | Reached skill level 13 in Unarmed Combat
  8786 | Gauntlet | 8786 ||| DROPPING ring of wizardry.
  8787 | Gauntlet | 8787 ||| READING 3 scrolls of identify.
  8787 | Gauntlet | 8787 ||| IDENTIFYING sapphire potion
  8800 | Gauntlet | Identified the +8 quarterstaff of the Revolution {vamp, rC+
                  | Str-4 Stlth+}
  8800 | Gauntlet | Noticed a minotaur
  8801 | Gauntlet | 8801 ||| INVOKING Fiery Armour.
  8809 | Gauntlet | HP: 19/102 [minotaur/the +8 quarterstaff of the Revolution
                  | {vamp, rC+ Str-4 Stlth+} (30)]
  8810 | Gauntlet | 8810 ||| DRINKING potion of heal wounds.
  8811 | Gauntlet | HP: 5/102 [minotaur/the +8 quarterstaff of the Revolution
                  | {vamp, rC+ Str-4 Stlth+} (16)]
  8814 | Gauntlet | Mangled by a minotaur

Levels and vault maps discovered:
D:1:      saegor_arrival_simple_e, layout_basic, serial_shops,
          nicolae_shop_stone
D:2:      layout_rooms, basic_ecumenical_altar, corexii_shack
D:3:      lemuel_castle_with_subvaults [lemuel_castle_interior_original],
          layout_loops_corners, okawaru_gym_becter
D:4:      minmay_door_path, layout_loops_ring, minmay_ogre_servants
D:5:      layout_cave_pods
D:6:      layout_basic
D:7:      layout_basic, lemuel_crystal_altar, minmay_temple_entry_mist,
          columned_hall_lemuel, grunt_ministairs_9,
          chequers_hall_statues_wall_a, minivault_5, dk_noncrumbling_2,
          uniq_crazy_yiuf_cottage
D:8:      layout_layer_cave, doesnt_xom_only_xom,
          grunt_lair_entry_orc_guard_hut, nicolae_transporter_intersection
Lair:1:   layout_small_grid, gauntlet_entry_generic, serial_bayou_shore_b
Gauntlet: gammafunk_gauntlet_hard_choice [gammafunk_gauntlet_arena_chambers,
          gammafunk_gauntlet_arena_split_diamond,
          gammafunk_gauntlet_arena_spirals,
          minmay_gauntlet_arena_make_your_own_arena,
          gammafunk_gauntlet_arena_grid, nicolae_gauntlet_arena_t_cross,
          gauntlet_exit_watery]

Skill      XL: |  1  2  3  4  5  6  7  8  9 10 11 |
---------------+----------------------------------+-----
Unarmed Combat | 4 6 8 9 10 12 13 | 13.0
Shields        | 4 6 8 9 |  9.1
Throwing       | 2 3 4 5 |  5.0
Fighting       | 3 4 5 |  5.1
Dodging        | 1 |  1.1
Spellcasting   | |  1.0
Fire Magic     | |  2.1

Action                   |  1- 3 |  4- 6 |  7- 9 | 10-12 || total
-------------------------+-------+-------+-------+-------++-------
Melee: Unarmed           |   111 |   146 |   330 |   173 ||   760
       Punch             |     1 |     4 |       |       ||     5
Throw: Boomerang         |       |    33 |       |       ||    33
       Large rock        |       |       |    46 |    18 ||    64
Invok: Fiery Armour      |       |     3 |     3 |     5 ||    11
  Use: Scroll            |     8 |     4 |     9 |     6 ||    27
       Potion            |     1 |     1 |     2 |     1 ||     5
Armor: Robe              |    28 |    41 |   120 |    58 ||   247
Dodge: Dodged            |    41 |    41 |    83 |    57 ||   222
Block: Kite shield       |       |     5 |   202 |   115 ||   322
       Reflection        |       |       |     5 |     2 ||     7

Table legend:
 A = Non-vault XP
 B = Vault XP
 C = Vault XP percentage of total XP
 D = Non-vault monster count
 E = Vault monster count
 F = Vault count percentage of total count
                 A         B        C        D         E       F
            +---------+---------+-------+---------+---------+-------
      Total |    9512 |    5276 |  35.7 |     167 |      89 |  34.8
            +---------+---------+-------+---------+---------+-------
        D:1 |      26 |       0 |   0.0 |      15 |       0 |   0.0
        D:2 |      39 |       2 |   4.9 |      15 |       1 |   6.2
        D:3 |      51 |     599 |  92.2 |      21 |      55 |  72.4
        D:4 |     211 |     185 |  46.7 |      11 |      11 |  50.0
        D:5 |     998 |       0 |   0.0 |      18 |       0 |   0.0
        D:6 |     847 |       0 |   0.0 |      23 |       0 |   0.0
        D:7 |     927 |     153 |  14.2 |      17 |       1 |   5.6
        D:8 |    1517 |     778 |  33.9 |      30 |       5 |  14.3
     Lair:1 |    4896 |       0 |   0.0 |      17 |       0 |   0.0
   Gauntlet |       0 |    3559 | 100.0 |       0 |      16 | 100.0
            +---------+---------+-------+---------+---------+-------
